 Dungeon Crawl Stone Soup version 0.28.0-53-g5a82cb258f (webtiles) character file.

Game seed: 15435918743738276229

14 nshep25 the Charlatan (level 2, 0/14 HPs)
             Began as a Spriggan Artificer on July 15, 2022.
             Was an Initiate of Ashenzari.
             Succumbed to an adder's poison
             ... on level 2 of the Dungeon.
             The game lasted 00:22:58 (1823 turns).

nshep25 the Charlatan (Spriggan Artificer)          Turns: 1823, Time: 00:22:58

Health: 0/14       AC:  2    Str:  8    XL:     2   Next: 31%
Magic:  3/3        EV: 18    Int: 12    God:    Ashenzari [......]
Gold:   31         SH:  0    Dex: 15    Spells: 1/1 levels left

rFire   . . .      SeeInvis +   j - +0 dagger of Ashenzari's Urgency {Comp, Bglg} (curse)
rCold   . . .      Faith    .   (no shield)
rNeg    . . .      Spirit   .   b - +0 robe
rPois   .          Reflect  .   (helmet restricted)
rElec   .          Harm     .   (no cloak)
rCorr   .          Rampage  .   (gloves unavailable)
Will    .....                   (boots unavailable)
Stlth   ++........              (no amulet)
HPRegen 0.04/turn               (no ring)
MPRegen 0.08/turn               (no ring)

@: lethally poisoned (0 -> -1), very quick
A: very small, no large weapons, unfitting armour, see invisible, speed 3
a: Renounce Religion, Shatter the Chains


You were on level 2 of the Dungeon.
You worshipped Ashenzari.
Ashenzari was noncommittal.
You visited 1 branch of the dungeon, and saw 2 of its levels.

You collected 31 gold pieces.

Inventory:

Hand Weapons
 a - a +0 club
 h - a +0 whip
 j - the cursed +0 dagger of Ashenzari's Urgency (weapon) {Comp, Bglg}
   (You found it on level 1 of the Dungeon)

   It has a curse which improves the following skills: Companions: Summonings
   and Necromancy.
   Beguiling: Conjurations, Hexes and Translocations.
 l - a +0 club
 m - a +0 dagger
 n - a +0 dagger
 o - a +0 hand axe
 p - a +0 whip
 r - a +0 flail
Missiles
 g - 16 bolts
 i - 31 stones
 q - 24 arrows
Armour
 b - a +0 robe (worn)
 f - a +0 leather armour
 s - a +0 leather armour
Wands
 c - a wand of flame (7) (quivered)
 d - a wand of charming (11)
Scrolls
 t - a scroll of fear {unknown}
Potions
 k - a potion of invisibility
Miscellaneous
 e - a piece from Xom's chessboard (15/15)


   Skills:
 + Level 0.7 Fighting
 + Level 0.2 Short Blades
 + Level 3.5 Dodging
 + Level 1.7 Stealth
 + Level 4.7 Evocations


You had one spell level left.
You didn't know any spells.
Your spell library was empty.

Dungeon Overview and Level Annotations

Branches:
Dungeon (2/15)

Altars:
Ashenzari


Innate Abilities, Weirdness & Mutations

You are very small and have problems with some larger weapons.
You are too small for most types of armour.
You have supernaturally acute eyesight. (SInv)
You cover ground extremely quickly. (Speed+++)


Message History

The adder barely misses you. The adder closely misses you.
You barely miss the adder.
The adder is lightly wounded.
The adder closely misses you.
You closely miss the adder.
The adder is lightly wounded.
The adder closely misses you.
You hit the adder but do no damage.
The adder is lightly wounded.
The adder bites you.
You are poisoned.
The adder poisons you!
You closely miss the adder.
The adder is lightly wounded.
You feel sick. The adder closely misses you. The adder completely misses you.
You closely miss the adder.
The adder is lightly wounded.
You feel sick. The adder completely misses you.
You hit the adder.
The adder is moderately wounded.
You feel sick. The adder misses you.
You closely miss the adder.
The adder is moderately wounded.
You feel sick. The adder completely misses you. The adder bites you.
You are lethally poisoned!
The adder poisons you!
You hit the adder.
The adder is heavily wounded.
* * * LOW HITPOINT WARNING * * *
You feel sick. The adder misses you.
You closely miss the adder.
The adder is heavily wounded.
* * * LOW HITPOINT WARNING * * *
You feel sick. The adder bites you but does no damage.
There is a lethal amount of poison in your body!
* * * LOW HITPOINT WARNING * * *
You feel sick.
* * * LOW HITPOINT WARNING * * *
You feel sick.
You die...

#...# #...# #...# #...#
#...# ###..S###
#.......######
#######.#.###....<.#
#.........# #@.###.#
#.#.......###..###.##
#.#.###.............#
#.#..##.....#..###..#
#.##.##........##...#
####.......##.###.##.#.#
#.......#####.# #.##.#.#
#.#####.# ... #......##
# ####.# .....####.##.##


You could see an adder.

Vanquished Creatures
  2 ball pythons (D:1)
  An endoplasm (D:1)
  A giant cockroach (D:1)
  A hobgoblin (D:1)
  A quokka (D:1)
  2 frilled lizards (D:1)
  2 kobolds (D:1)
10 creatures vanquished.

Vanquished Creatures (collateral kills)
  A bat (D:1)
  A ball python (D:1)
  A frilled lizard (D:1)
  A kobold (D:1)
4 creatures vanquished.

Vanquished Creatures (others)
  A goblin (D:1)
  3 fungi (D:1)
  9 plants (D:1)
13 creatures vanquished.

Grand Total: 27 creatures vanquished

Notes
Turn   | Place    | Note
-------+----------+-------------------------------------------
     0 | D:1      | nshep25 the Spriggan Artificer began the quest for the Orb.
     0 | D:1      | Reached XP level 1. HP: 9/9 MP: 2/2
   906 | D:1      | Reached XP level 2. HP: 14/14 MP: 3/3
  1014 | D:1      | Found a faded altar of an unknown god.
  1019 | D:1      | Prayed at the altar of an unknown god.
  1019 | D:1      | Became a worshipper of Ashenzari the Shackled
  1823 | D:2      | Succumbed to an adder's poison

Illustrated notes

Levels and vault maps discovered:
D:1:      onia_arrival_mini_spirals, layout_rooms,
          shapermc_ecumenical_altar_mp_urbaneastern
D:2:      layout_loops_cross, serial_shops, nicolae_shop_bloodbath_and_beyond,
          nicolae_shop_temple_entry_statues_fountains,
          nicolae_shop_hallway_stairs

Action                   || total
-------------------------++-------
Melee: Dagger            ||    84
       Club              ||     1
       Punch             ||     3
Invok: Curse Item        ||     1
Evoke: Wand              ||    12
       Piece from Xom's  ||     1
  Use: Potion            ||     1
Armor: Robe              ||     8
Dodge: Dodged            ||    74
